 Dungeon Crawl Stone Soup version 0.26-a0-812-g31a745ddcd (webtiles) character file.

Game seed: 5135367127520865090

32 funkygono the Magician (level 3, -1/19 HPs)
             Began as a Deep Elf Air Elementalist on Nov 24, 2020.
             Slain by an adder (3 damage)
             ... on level 1 of the Dungeon.
             The game lasted 00:03:23 (1391 turns).

funkygono the Magician (Deep Elf Air Elementalist)  Turns: 1391, Time: 00:03:24

Health: -1/19      AC:  4    Str:  5    XL:     3   Next: 8%
Magic:  2/10       EV: 13    Int: 20    God:
Gold:   48         SH:  0    Dex: 15    Spells: 3/9 levels left

rFire    . . .     SeeInvis .   h - +0 whip (elec)
rCold    . . .     Faith    .   (no shield)
rNeg     . . .     Spirit   .   a - +0 robe
rPois    .         Reflect  .   (no helmet)
rElec    .         Harm     .   (no cloak)
rCorr    .         Rampage  .   (no gloves)
MR       .....                  j - +1 pair of boots
Stlth    ++........             (no amulet)
HPRegen  0.06/turn              (no ring)
MPRegen  0.12/turn              (no ring)

@: lethally poisoned (-1 -> -4), swift, very slightly contaminated, very quick
A: no striking features
a: no special abilities


You were on level 1 of the Dungeon.
You visited 1 branch of the dungeon, and saw 2 of its levels.

You collected 48 gold pieces.

Inventory:

Hand Weapons
 d - a +0 dagger
 h - a +0 whip of electrocution (weapon)
Missiles
 e - 53 stones (quivered)
Armour
 a - a +0 robe (worn)
 j - a +1 pair of boots (worn)
Scrolls
 b - a scroll of fog
 g - a scroll of fear


   Skills:
 + Level 2.6 Dodging
 + Level 2.7 Stealth
 + Level 3.6 Spellcasting
 + Level 1.4 Conjurations
 + Level 3.5 Air Magic


You had 3 spell levels left.
You knew the following spells:

 Your Spells              Type           Power        Failure   Level
a - Shock                 Conj/Air       ##..         4%          1
b - Swiftness             Air            ###.....     4%          2
c - Static Discharge      Conj/Air       ##......     14%         3

Your spell library contained the following spells:

 Spells                   Type           Power        Failure   Level
 Airstrike                Air            ###.......   30%         4
 Lightning Bolt           Conj/Air       ##........   80%         5


Dungeon Overview and Level Annotations

Branches:
Dungeon (2/15)

Altars:


Message History

Unknown command.
You hit the kobold.
The kobold is moderately wounded.
The adder bites you.
The kobold hits you with a +0 short sword.
The leopard gecko closely misses you. The kobold barely misses you.
Casting: Static Discharge (extremely dangerous; 14% risk of failure)
Confirm with . or Enter, or press ? or * to list all spells.
Press: ? - help, Shift-Dir - straight line, f - kobold
Aim: a kobold, wielding a +0 whip The zap hits the kobold.
The kobold is severely wounded.
The adder bites you.
You are poisoned.
The adder poisons you! The kobold barely misses you.
The leopard gecko bites you but does no damage.
The kobold hits you with a +0 whip.
* * * LOW HITPOINT WARNING * * *
The adder bites you.
You die...

########
#######......#
#.......####.#
#.####..####.#
#.##..[...##.# ###
#.##.#..#.##.######.#
#.##.#.............#.
#..SKl>############.#
####@### #.# ###K####
#..
#....§§#******######
#.#.##§§§≈≈≈≈≈≈≈≈≈≈≈
##.#.##§####≈≈≈≈≈####
#....##≈#<.#######.⌠#
#...###≈#..'.....+..#
#...###≈##'###+###'##
##.....≈≈#.#.....#.#≈


You could see an adder, a leopard gecko and 2 kobolds.

Vanquished Creatures
  5 bats (D:1)
  3 giant cockroaches (D:1)
  4 goblins
  4 hobgoblins (D:1)
  3 jackals (D:1)
  A frilled lizard (D:1)
  3 kobolds (D:1)
  4 rats
27 creatures vanquished.

Notes
Turn   | Place    | Note
-------+----------+-------------------------------------------
     0 | D:1      | funkygono the Deep Elf Air Elementalist began the quest for
                  | the Orb.
     0 | D:1      | Reached XP level 1. HP: 10/10 MP: 6/6
   246 | D:1      | Reached XP level 2. HP: 15/15 MP: 6/8
   251 | D:1      | Learned a level 2 spell: Swiftness
  1207 | D:1      | Reached XP level 3. HP: 19/19 MP: 8/10
  1377 | D:1      | Learned a level 3 spell: Static Discharge
  1391 | D:1      | Slain by an adder

Illustrated notes

Levels and vault maps discovered:
D:1:      heliophobic_arrival_glass_houses, layout_loops_cross,
          minmay_split_cup_large
D:2:      minmay_angry_zag, layout_rooms, marbit_many_paths

Action                   || total
-------------------------++-------
Melee: Unarmed           ||     1
       Whip              ||     7
 Cast: Shock             ||    68
       Swiftness         ||     2
  Use: Scroll            ||     4
Armor: Robe              ||    11
Dodge: Dodged            ||    41

Table legend: (Time is in decaauts)
 A = Elapsed time spent in this place.
 B = Non-inter-level travel time spent in this place.
 C = Inter-level travel time spent in this place.
 D = Time resting spent in this place.
 E = Time spent auto-exploring this place.
 F = Levels seen in this place.
 G = Mean time per level.
                   A        B        C        D        E       F      G
               +--------+--------+--------+--------+--------+-----+--------+
         Total |   1390 |   1385 |      5 |      0 |   1207 |   2 |  695.0 |
       Dungeon |   1390 |   1385 |      5 |      0 |   1207 |   2 |  695.0 |
               +--------+--------+--------+--------+--------+-----+--------+

Top non-repeatable levels by time:
     D:1: 1384 daAuts
     D:2: 5 daAuts
